[Event "Ennis Open 2024"]
[Site "Ennis IRL"]
[Date "2024.02.25"]
[Round "5.8"]
[White "Liu, Jason"]
[Black "Petrenko, Maryna"]
[Result "1/2-1/2"]
[WhiteElo "1958"]
[BlackElo "1814"]
[WhiteICU "1987"]
[WhiteClub "Gonzaga"]
[WhiteNationality "IRL"]
[BlackNationality "UKR"]
[WhiteFideId "2514656"]
[BlackFideId "14197820"]
[PlyCount "112"]
[ECO "B13"]
[Opening "Caro-Kann"]
[Variation "exchange variation"]
[EventSection "1/3"]
[Venue "West County Hotel"]
[EventDate "2024.02.23"]
[TimeControl "4500+30"]

{ Event information: <a
href="https://www.irlchess.com/ennis2024_allfiles/pairings_ennis2024.html">Tournament
report</a>. }

1. e4 c6 2. d4 d5 3. exd5 cxd5 4. Bd3 Nc6 5. c3 Nf6 6. h3 g6 7. Nf3 Bg7 8.
O-O O-O 9. Bf4 Bf5 10. Bxf5 gxf5 11. Qe2 e6 12. Nbd2 Ne4 13. Ne1 Ne7 14.
Nd3 Ng6 15. Bh2 Kh8 16. Nf3 Qe7 17. Kh1 Rg8 18. Rg1 Bf6 19. g4 fxg4 20.
Rxg4 Nh4 21. Rag1 Nf5 22. Nd2 Ned6 23. Nf4 Nh6 24. Rxg8+ Rxg8 25. Rxg8+
Kxg8 26. Nh5 Bh8 27. Be5 f6 28. Bf4 Nhf5 29. Bxd6 Qxd6 30. Qg4+ Kf7 31. Nf3
Nh6 32. Qh4 Nf5 33. Qg4 Nh6 34. Qg1 Nf5 35. Qe1 Bg7 36. Kg2 Bh6 37. Qe2 a6
38. Qd3 Bf4 39. Ng1 Nh4+ 40. Kf1 Ng6 41. Ne2 Bg5 42. Nhg3 Kg8 43. c4 dxc4
44. Qxc4 Ne7 45. Nc3 Qc6 46. Qd3 Nd5 47. Nge4 Kg7 48. Nxg5 fxg5 49. Nxd5
Qxd5 50. Qe3 Kf6 51. a3 h6 52. Kg1 Qf5 53. Qc3 Qd5 54. Qe3 Qf5 55. Qc3 Qd5
56. Qe3 Qf5 1/2-1/2